 Dungeon Crawl Stone Soup version 0.29.0-5-ge4962eb29e (webtiles) character file.

Game seed: 18437421694395411728

121 sanka the Chopper (level 4, 0/39 HPs)
             Began as a Minotaur Monk on Aug 29, 2022.
             Slain by Grinder (2 damage)
             ... on level 3 of the Dungeon.
             The game lasted 00:02:42 (3107 turns).

sanka the Chopper (Minotaur Monk)                   Turns: 3107, Time: 00:02:43

Health: 0/39       AC:  3    Str: 17    XL:     4   Next: 77%
Magic:  3/3        EV: 13    Int:  7    God:
Gold:   123        SH:  0    Dex: 13    Spells: 3/3 levels left

rFire   . . .      SeeInvis +   a - +4 hand axe
rCold   . . .      Faith    .   (no shield)
rNeg    . . .      Spirit   .   b - +0 robe
rPois   .          Reflect  .   (helmet restricted)
rElec   .          Harm     .   (no cloak)
rCorr   .          Rampage  .   (no gloves)
Will    .....                   i - +0 pair of boots
Stlth   ++........              (no amulet)
HPRegen 0.13/turn               (no ring)
MPRegen 0.08/turn               f - ring of see invisible

@: no status effects
A: horns 2, retaliatory headbutt
a: no special abilities


You were on level 3 of the Dungeon.
You visited 1 branch of the dungeon, and saw 3 of its levels.

You collected 123 gold pieces.


Innate Abilities, Weirdness & Mutations

You have a pair of horns on your head.
You reflexively headbutt those who attack you in melee.


   Skills:
 - Level 3.6 Fighting
 + Level 6.7 Axes
 - Level 3.2 Dodging
 - Level 1.5 Stealth


You had 3 spell levels left.
You didn't know any spells.
Your spell library contained the following spells:

 Spells                   Type           Power      Damage    Failure   Level
 Slow                     Hex            0%         N/A       43%         1
 Blink                    Tloc           0%         N/A       56%         2
 Confusing Touch          Hex            0%         N/A       80%         3
 Gell's Gravitas          Tloc           0%         N/A       80%         3
 Lesser Beckoning         Tloc           0%         N/A       80%         3
 Teleport Other           Tloc           0%         N/A       80%         3
 Vampiric Draining        Necr           0%         2d6       80%         3
 Fireball                 Conj/Fire      0%         3d3       100%        5
 Iskenderun's Battlesphe  Conj           0%         2d6       100%        5
 Manifold Assault         Tloc           0%         N/A       100%        5
 Conjure Ball Lightning   Conj/Air       0%         3x3d6     100%        6
 Orb of Destruction       Conj           0%         9d5       100%        7

Inventory:

Hand Weapons
 a - a +4 hand axe (weapon)
Armour
 b - a +0 robe (worn)
 i - a +0 pair of boots (worn)
Jewellery
 f - a ring of see invisible (right hand)
Scrolls
 d - a scroll of butterflies {unknown}
 g - a scroll of identify {unknown}
 j - a scroll of amnesia {unknown}
 k - a scroll of teleportation {unknown}
 l - a scroll of immolation {unknown}
 m - 2 scrolls of torment {unknown}
Potions
 c - 2 potions of ambrosia
 e - a potion of resistance {unknown}
 h - 2 potions of attraction {unknown}
 n - a potion of curing {unknown}

Dungeon Overview and Level Annotations

Branches:
Dungeon (3/15)

Altars:

Shops:
D:2 (

Annotations:
D:3 1 transporter, Grinder; Nebesus's ghost, amateur NaNe

▒........▒▒.▒▒▒▒▒.▒▒▒▒▒▒▒▒▒▒▒
..▒▒▒▒▒▒.▒▒.....▒.▒ .▒▒
▒...▒▒▒▒...▒ .▒ ▒▒▒.▒▒ ▒▒..▒
.▒ ▒..▒ ▒▒▒▒ ▒▒
▒▒.▒▒▒▒▒▒▒▒▒▒▒ ▒†..........▒
▒▒▒.........▒ ▒...H5....▒
.>.............▒
▒▒▒▒▒▒.........▒ ▒.........▒
▒▒▒▒▒▒▒▒▒▒▒


You could see Grinder.


Message History

Grinder blinks!
Found a stone staircase leading down.
You hit Grinder.
Grinder is lightly wounded.
Grinder hits you!
You writhe in agony.
You slash Grinder! Your headbutt misses Grinder.
Grinder is moderately wounded.
Grinder hits you.
* * * LOW HITPOINT WARNING * * *
You writhe in agony.
* * * LOW HITPOINT WARNING * * *
You hit Grinder.
Grinder is moderately wounded.
You barely miss Grinder. You headbutt Grinder, but do no damage.
Your punch misses Grinder.
Grinder is moderately wounded.
Grinder hits you!
* * * LOW HITPOINT WARNING * * *
You writhe in agony.
* * * LOW HITPOINT WARNING * * *
You closely miss Grinder. Your headbutt misses Grinder.
Grinder is moderately wounded.
Grinder hits you.
* * * LOW HITPOINT WARNING * * *
You writhe in agony.
You die...

Action                   |  1- 3 |  4- 6 || total
-------------------------+-------+-------++-------
Melee: Hand axe          |    69 |    41 ||   110
       Headbutt          |    11 |     7 ||    18
       Punch             |     1 |     1 ||     2
 Stab: Sleeping          |     4 |       ||     4
Armor: Robe              |     9 |     3 ||    12
Dodge: Dodged            |    37 |    27 ||    64

Levels and vault maps discovered:
D:1:      amcnicky_arrival_single_pillar, layout_loops_ring,
          dreamdust_ecumenical_altar_grove, chequers_mini_garden,
          kennysheep_minor_cross
D:2:      layout_basic, serial_shops, nicolae_shop_hallway_stairs
D:3:      layout_rooms, gammafunk_ghost_stat_death, minmay_misc_feat_tiny,
          uniq_grinder, uniq_ijyb, uniq_robin

Notes
Turn   | Place    | Note
-------+----------+-------------------------------------------
     0 | D:1      | sanka the Minotaur Monk began the quest for the Orb.
     0 | D:1      | Reached XP level 1. HP: 19/19 MP: 0/0
   148 | D:1      | Reached skill level 4 in Axes
   256 | D:1      | Found a faded altar of an unknown god.
   499 | D:1      | Reached XP level 2. HP: 26/26 MP: 1/1
   966 | D:2      | Reached skill level 5 in Axes
  1185 | D:2      | Reached XP level 3. HP: 31/31 MP: 2/2
  1243 | D:2      | Found Buybrem's Weapon Shoppe.
  2534 | D:2      | Reached skill level 6 in Axes
  2534 | D:2      | Reached XP level 4. HP: 39/39 MP: 3/3
  2667 | D:3      | Found a transporter.
  2701 | D:3      | Noticed Nebesus's ghost (amateur NaNe)
  2715 | D:3      | Noticed Ijyb
  2760 | D:3      | Killed Ijyb
  3096 | D:3      | Noticed Grinder
  3096 | D:3      | Paralysed by Grinder for 3 turns
  3106 | D:3      | HP: 3/39 [Grinder (3)]
  3107 | D:3      | Slain by Grinder

Vanquished Creatures
  Ijyb (D:3)
  6 adders
  2 dart slugs
  An orc (D:3)
  An endoplasm (D:2)
  4 goblins
  6 hobgoblins
  2 kobolds (D:1)
  3 quokkas (D:1)
  5 ball pythons
  4 bats
  2 frilled lizards
  2 rats (D:2)
39 creatures vanquished.
